cohdb
Replays
Latest Replays
All Replays
Popular Replays
Top Player Replays
Match Explorer
How It Works
Community
CoH3 Stats
Reddit
Sign in to upload your games and track your stats! →
Sign in with Steam
Match 42521830
Unlisted
Match 42521830
Overview
Messages
Build Orders
End
Scout Squad
Construct Weapon Support Center
Selects Airborne Battlegroup
Selects Heavy Machine Gun Paradrop
Heavy Machine Gun Paradrop
Scout Squad
Engineer Squad
Bazooka Squad
Mechanized Support Center
M3 Armored Personnel Carrier
M3 Armored Personnel Carrier
Construct Medical Station
M3 Armored Personnel Carrier
M1919 Machine Gun Team
M3 Armored Personnel Carrier
M3 Armored Personnel Carrier
Selects Smoke Bombing Run
Selects Paratrooper Squad Paradrop
Paratrooper Squad Paradrop
warter
Kazven
fgshja
UH|ck
insane
iceman
0
0
Comments
sign in to comment!
No comments posted yet!